 Dungeon Sprint DCSS version 0.03.2.1-71-g8aa608150a (webtiles) character file.

Game seed: 10149254098947061859, levelgen mode: deterministic

1661 esc the Nimble (level 8, 0/5 HPs) Fairy Earth Elementalist. Began on Feb 13, 2021. Was a Follower of Vehumet. Slain by a tentacle (1 damage) ... attached to a kraken ... in the Dungeon (Sprint II: "The Violet Keep of Menkaure"). The game lasted 00:01:40 (159 turns).

esc the Nimble (Fairy Earth Elementalist)            Turns: 159, Time: 00:01:40

Health: 0/5        AC:  0    Str:  0    XL:     8 ^: 424
Magic:  4/4        EV: 40    Int: 18    God:    Vehumet [1* [33]]
Gold:   972        SH:  0    Dex: 18    Spells: 30/31 levels left

rFire    . . .     Vision   .   (no jewelry)
rCold    . . .     Gourm    .
rNeg     . . .     Faith    .
rPois    .         Spirit   .
rElec    .         Reflect  .
rCorr    .         Harm     .
MR       +....     NoTele   +
Stlth    +.........
HPRegen  0.00/turn
MPRegen  0.14/turn

@: flying, lost strength, glowing, slow
A: tiny, no armour or weapons, only one jewelry slot, no melee attacks, fairy
magic, fairy shield, fairy light, decreased potion and divine healing, dopey 1,
slowness 1, weak 1, subdued magic 1, able to fly, insubstantial
a: Stop Flying, Renounce Religion


You were in the Dungeon.
You worshipped Vehumet.
Vehumet was aware of your devotion.
You were not hungry.

You visited 1 branch You collected 972 gold pieces.

Inventory:

Scrolls
 h - a scroll of blinking
Potions
 c - a potion of curing
 d - a potion of heal wounds
 e - a potion of haste
 f - 2 potions of magic
 g - a potion of berserk rage
Comestibles
 a - 5 chunks of flesh
 b - a ration


   Skills:
 + Level 14.2 Dodging
 - Level 1.4 Stealth
 + Level 12.3 Spellcasting
   Level 1.0 Transmutations
 + Level 11.6 Earth Magic


You had 30 spell levels left.
You knew the following spells:

 Your Spells              Type           Power        Failure   Level  Hunger
a - Sandblast             Erth           40 (50)      1%          1    None

Your spell library contained the following spells:

 Spells                   Type           Power        Failure   Level  Hunger
 Passwall                 Tmut/Erth      26 (120)     1%          2    None
 Stone Arrow              Erth           40 (50)      1%          3    None
 Lee's Rapid Deconstruct  Erth           40 (200)     1%          5    ####...
 Methodical Deconstructi  Erth           40 (200)     1%          5    ####...
 Petrify                  Tmut/Erth      26 (100)     3%          4    ##.....
 Shock                    Air            8 (25)       4%          1    None


Dungeon Overview and Level Annotations

Branches:
Dungeon (1/1)

Altars:
Cheibriados
Dithmenos
Elyvilon
Fedhas Madash
Gozag Ym Sagoz
Hepliaklqana
Kikubaaqudgha
Makhleb
Nemelex Xobeh
Okawaru
Qazlal
Ru
Sif Muna
Trog
Uskayaw
Vehumet
Wu Jian
Xom
Yredelemnul
Zin
The Shining One
Beogh
Jiyva
Lugonu


Innate Abilities, Weirdness & Mutations

You are too small to use any gear.
You can wear a single ring or amulet completely around your body.
You are incapable of melee of any kind.
Your magic reserves are extremely low but spells that normally cost one mana are free and all other spells cost one mana.
You are extremely frail but all attacks that strike you do exactly one damage.
You exude a bright light in a small radius around yourself.
The effect of potions and godly healing effects is reduced to match your tiny health and magic reserves.
You cover ground slowly.
You can fly continuously.
Your insubstantial form boosts your evasion and grants immunity to sticky flames, nets and constriction.
You are dopey. (Int -2)
You are weak. (Str -2)
Your spells are a little easier to cast, but a little less powerful.


Message History

A tentacle comes into view.
Casting: Sandblast (safe; 1% risk of failure)
Confirm with . or Enter, or press ? or * to list all spells.
Aiming: Sandblast (safe; 1% risk of failure)
Press: ? - help, Shift-Dir - straight line, f - tentacle
Aim: a tentacle (healthy (46/46), haloed)
The blast of sand hits the tentacle (8)!
The tentacle is lightly wounded. (38/46) HP
Casting: Sandblast (safe; 1% risk of failure)
Confirm with . or Enter, or press ? or * to list all spells.
Aiming: Sandblast (safe; 1% risk of failure)
Press: ? - help, Shift-Dir - straight line, f/p - tentacle
Aim: a tentacle (lightly wounded (38/46), haloed)
The blast of sand hits the tentacle (19)!!
The tentacle is heavily wounded. (19/46) HP The tentacle slaps you (8)!
* * * LOW HITPOINT WARNING * * *
The tentacle barely misses you (0). The tentacle slaps you (25)!!
You die...

### +^### )▓)?![%?[!▓▓
..# ...# #▓)$)%!???▓▓
..## #..# #▓))![[%$?▓▓
#..# +^^# #▓?%)[??$$▓▓
#..# #..# #▓%?$?[?!?▓▓
'..####.^####▓$$$?$!!?▓▓
#...†###...##▓▓▓▓▓▓▓+▓▓▓▓
#....§.≈≈≈≈≈≈≈≈≈@w─────X≈
≈≈...§§≈#'########§###www
≈≈§≈≈.§≈#.._.....#§§≈#
≈≈§≈§≈§≈#._._....#§§≈≈#
≈≈§§≈§§≈#_._._...#≈§≈≈≈#
≈§§§§≈≈≈#._._._..#§≈§§§≈#
≈≈§≈§≈§≈#_._._._.#§≈§§≈≈+
≈≈§###≈§#._._._._#§§≈§≈≈#
#≈≈ #≈≈#_._._._.#≈§§§


You could see a kraken and 3 tentacles.

Vanquished Creatures
  A merfolk siren (D)
  4 neqoxecs (D)
  4 necrophages (D)
  3 crocodiles (D)
  2 worms (D)
14 creatures vanquished.

Vanquished Creatures (others)
  Menkaure (D)
  A crocodile (D)
  12 tentacles (D)
14 creatures vanquished.

Grand Total: 28 creatures vanquished

Notes
Turn   | Place    | Note
-------+----------+-------------------------------------------
     0 | D        | esc the Fairy Earth Elementalist began the quest for the
                  | Orb.
     0 | D        | Reached XP level 1. HP: 3/3 MP: 3/3
     4 | D        | Reached skill level 3 in Dodging
     6 | D        | Reached skill level 4 in Dodging
     6 | D        | Reached XP level 2. HP: 3/3 MP: 3/3
    12 | D        | Killed a crocodile
    12 | D        | Killed Menkaure
    20 | D        | Noticed a necrophage
    20 | D        | Noticed a necrophage
    20 | D        | Noticed a necrophage
    20 | D        | Noticed a necrophage
    24 | D        | Killed a necrophage
    24 | D        | Reached skill level 7 in Dodging
    24 | D        | Reached XP level 3. HP: 4/4 MP: 3/3
    24 | D        | Reached XP level 4. HP: 4/4 MP: 3/3
    27 | D        | Killed a necrophage
    27 | D        | Reached skill level 9 in Dodging
    27 | D        | Reached XP level 5. HP: 4/4 MP: 3/3
    28 | D        | Killed a necrophage
    28 | D        | Reached skill level 10 in Dodging
    28 | D        | Reached XP level 6. HP: 5/5 MP: 3/3
    31 | D        | Reached skill level 11 in Dodging
    42 | D        | Noticed a neqoxec
    42 | D        | Noticed a neqoxec
    45 | D        | Killed a neqoxec
    45 | D        | Reached skill level 10 in Spellcasting
    45 | D        | Reached XP level 7. HP: 5/5 MP: 4/4
    45 | D        | Lost strength.
    45 | D        | Gained mutation: You are weak. (Str -2) [a neqoxec]
    46 | D        | Noticed a neqoxec
    48 | D        | Killed a neqoxec
    48 | D        | Reached skill level 12 in Dodging
    48 | D        | Reached skill level 10 in Earth Magic
    53 | D        | Gained mutation: Your spells are a little easier to cast,
                  | but a little less powerful. [a neqoxec]
    54 | D        | Killed a neqoxec
    59 | D        | Noticed a neqoxec
    60 | D        | Gained mutation: You are dopey. (Int -2) [a neqoxec]
    64 | D        | Killed a neqoxec
    64 | D        | Reached skill level 13 in Dodging
    64 | D        | Reached XP level 8. HP: 5/5 MP: 4/4
    76 | D        | Noticed a merfolk siren
    80 | D        | Killed a merfolk siren
    91 | D        | Found a stormy altar of Qazlal.
    91 | D        | Found an ornate altar of the Wu Jian Council.
    92 | D        | Found a hazy altar of Hepliaklqana.
    92 | D        | Found a sacrificial altar of Ru.
    92 | D        | Found a shimmering altar of Xom.
    93 | D        | Found a roughly hewn altar of Beogh.
    93 | D        | Found a viscous altar of Jiyva.
    93 | D        | Found a shimmering blue altar of Sif Muna.
    93 | D        | Found a glowing golden altar of the Shining One.
    93 | D        | Found a basalt altar of Yredelemnul.
    94 | D        | Found a snail-covered altar of Cheibriados.
    94 | D        | Found an ancient bone altar of Kikubaaqudgha.
    94 | D        | Found a bloodstained altar of Trog.
    95 | D        | Found a shadowy altar of Dithmenos.
    95 | D        | Found a corrupted altar of Lugonu.
    95 | D        | Found a hide-covered altar of Uskayaw.
    95 | D        | Found a glowing silver altar of Zin.
    96 | D        | Found a white marble altar of Elyvilon.
    96 | D        | Found a burning altar of Makhleb.
    97 | D        | Found a blossoming altar of Fedhas.
    99 | D        | Found an opulent altar of Gozag.
    99 | D        | Found a sparkling altar of Nemelex Xobeh.
   100 | D        | Found a radiant altar of Vehumet.
   100 | D        | Found an iron altar of Okawaru.
   101 | D        | Identified a scroll of acquirement
   109 | D        | Became a worshipper of Vehumet
   126 | D        | Noticed a kraken
   130 | D        | Reached skill level 14 in Dodging
   137 | D        | Reached * piety under Vehumet
   137 | D        | Offered knowledge of Shock by Vehumet.
   159 | D        | Slain by a tentacle

Levels and vault maps discovered:
D:        the_violet_keep_of_menkaure [sprint2_stairs_cluster_1,
          sprint2_shoproom, sprint2_temple, sprint2_basic_supplies,
          sprint2_obstacle_3, sprint2_obstacle_5, sprint2_obstacle_2,
          sprint2_obstacle_6, sprint2_obstacle_4, sprint2_timed_cluster_1,
          sprint2_smallroom_cluster_1, sprint2_smallroom_final_cluster_1,
          sprint2_transparent_cluster_1, sprint2_second_timed_cluster_1,
          sprint2_sniper_area_1, sprint2_heavy_combat_area_1,
          sprint2_mutation_trap_area_1, sprint2_forest_area_1,
          sprint2_light_combat_area_1, sprint2_behind_water_1,
          sprint2_near_end_vault_1]

Skill      XL: |  1  2  3  4  5  6  7  8 |
---------------+-------------------------+-----
Dodging        | 4 7 9 10 11 13 14 | 14.2
Spellcasting   | 3 6 7 8 10 11 12 | 12.3
Earth Magic    | 4 6 7 8 9 10 11 | 11.6
Stealth        | |  1.4
Transmutations | |  1.0

Action                   |  1- 3 |  4- 6 |  7- 9 || total
-------------------------+-------+-------+-------++-------
 Cast: Sandblast         |     8 |    10 |    29 ||    47
 Abil: Fly               |       |       |     1 ||     1
Dodge: Dodged            |     2 |     3 |    16 ||    21
